 Dungeon Crawl Stone Soup version 0.27.1-34-g3ba077fa99 (webtiles) character file.

Game seed: 15037010820263839234

280 erik8world the Fighter (level 6, 0/57 HPs)
             Began as a Gnoll Wanderer on Jan 2, 2022.
             Slain by a phantom (2 damage)
             ... on level 4 of the Dungeon.
             The game lasted 00:08:45 (5265 turns).

erik8world the Fighter (Gnoll Wanderer)             Turns: 5265, Time: 00:08:45

Health: 0/57       AC:  8    Str: 14    XL:     6   Next: 27%
Magic:  14/14      EV:  6    Int: 11    God:
Gold:   183        SH:  0    Dex: 11    Spells: 14/15 levels left

rFire    . . .     SeeInvis .   n - +0 flail
rCold    . . .     Faith    .   (no shield)
rNeg     . . .     Spirit   .   i - +0 chain mail
rPois    .         Reflect  .   (no helmet)
rElec    .         Harm     .   (no cloak)
rCorr    .         Rampage  .   (no gloves)
Will     .....                  (no boots)
Stlth    ..........             (no amulet)
HPRegen  0.19/turn              (no ring)
MPRegen  0.14/turn              (no ring)

@: no status effects
A: fangs 1, strong nose, distributed training
a: no special abilities


You were on level 4 of the Dungeon.
You visited 1 branch of the dungeon, and saw 4 of its levels.

You collected 183 gold pieces.

Inventory:

Hand Weapons
 a - a +0 dagger
 l - a +0 short sword
 n - a +0 flail (weapon)
Missiles
 b - 13 poisoned darts (quivered)
 o - 7 boomerangs
Armour
 d - a +0 robe
 f - a +0 ring mail
 i - a +0 chain mail (worn)
Scrolls
 e - a scroll of noise {unknown}
 g - 2 scrolls of teleportation {unknown}
 h - 2 scrolls of identify {unknown}
 j - a scroll of vulnerability {unknown}
 k - a scroll of magic mapping {unknown}
 p - a scroll of blinking {unknown}
Potions
 c - 4 potions of curing
 m - a potion of flight {unknown}


   Skills:
 + Level 8.7 Fighting
 + Level 1.9 Short Blades
 + Level 1.9 Long Blades
 + Level 1.9 Axes
 + Level 1.9 Maces & Flails
 + Level 1.9 Polearms
 + Level 1.9 Staves
 + Level 1.9 Slings
 + Level 1.9 Bows
 + Level 1.9 Crossbows
 + Level 4.9 Throwing
 + Level 1.9 Armour
 + Level 1.9 Dodging
 + Level 3.0 Stealth
 + Level 1.9 Shields
 + Level 1.9 Unarmed Combat
 + Level 5.3 Spellcasting
 + Level 1.5 Conjurations
 + Level 2.6 Hexes
 + Level 1.5 Summonings
 + Level 1.5 Necromancy
 + Level 1.5 Translocations
 + Level 1.5 Transmutations
 + Level 1.5 Fire Magic
 + Level 1.5 Ice Magic
 + Level 1.5 Air Magic
 + Level 1.5 Earth Magic
 + Level 1.5 Poison Magic
 + Level 2.1 Invocations
 + Level 1.9 Evocations


You had 14 spell levels left.
You knew the following spells:

 Your Spells              Type           Power      Damage    Failure   Level
a - Magic Dart            Conj           24%        1d4       96%         1

Your spell library contained the following spells:

 Spells                   Type           Power      Damage    Failure   Level
 Slow                     Hex            8%         N/A       96%         2
 Blink                    Tloc           N/A        N/A       99%         2
 Call Imp                 Summ           6%         N/A       99%         2
 Conjure Flame            Conj/Fire      6%         6-21      100%        3
 Mephitic Cloud           Conj/Pois/Air  6%         N/A       100%        3


Dungeon Overview and Level Annotations

Branches:
Dungeon (4/15)
 Temple: D:4-7

Altars:
Kikubaaqudgha


Innate Abilities, Weirdness & Mutations

You have very sharp teeth.
Your uncanny sense of smell can sniff out nearby items.
Your experience applies equally to all skills.


Message History

The phantom hits you but does no damage.
The bullfrog hits you but does no damage.
The giant cockroach barely misses you.
The phantom hits you but does no damage.
The bullfrog hits you but does no damage.
You barely miss the bullfrog. The bullfrog hits you.
The giant cockroach bites you.
An endoplasm comes into view.
The phantom hits you.
The bullfrog hits you but does no damage.
You closely miss the bullfrog.
The endoplasm quivers.
The giant cockroach bites you. The bullfrog hits you. The phantom hits you.
The giant cockroach bites you but does no damage.
You closely miss the giant cockroach.
You bite the giant cockroach, but do no damage.
The bullfrog hits you. The phantom hits you!
* * * LOW HITPOINT WARNING * * *
The giant cockroach barely misses you. The bullfrog closely misses you.
The phantom hits you but does no damage.
The endoplasm freezes you.
You are frozen.
* * * LOW HITPOINT WARNING * * *
The giant cockroach barely misses you.
You hit the phantom but do no damage.
The phantom is lightly damaged.
The bullfrog barely misses you.
The bullfrog hits you but does no damage.
The giant cockroach bites you but does no damage.
The endoplasm hits you but does no damage.
The phantom hits you!
* * * LOW HITPOINT WARNING * * *
The phantom blinks!
You blink.
You barely miss the phantom.
The phantom is lightly damaged.
The phantom hits you.
* * * LOW HITPOINT WARNING * * *
The phantom blinks!
You blink.
The phantom hits you.
You die...

......# #.##### #..
#####.#######.#...# ..#
#....(......#.# #.#
#...............# #.#
#.#.#######..#.## #.## #.#.#
#§§#.# #... # #.# #B.#.#
#.####..#
#.#######JF#W##.##.##.......#
#...........@.........#.##...
#.# #.###§............((.....
##..##############.## #..#
#.## #..# #.# ^..# #.# ###.#
#.# ... #.# .#


You could see a phantom, a bullfrog, an endoplasm and a giant cockroach.

Vanquished Creatures
  A gnoll shaman (D:4)
  2 orc priests
  A bullfrog skeleton (D:4)
  An orc wizard (D:3)
  A gnoll (D:4)
  4 adders
  A worm (D:3)
  5 dart slugs
  10 orcs
  7 endoplasms
  A giant cockroach (D:1)
  4 goblins
  5 hobgoblins
  5 jackals
  4 quokkas
  6 ball pythons
  5 bats
  4 frilled lizards
  8 kobolds
  2 rats (D:1)
77 creatures vanquished.

Notes
Turn   | Place    | Note
-------+----------+-------------------------------------------
     0 | D:1      | erik8world the Gnoll Wanderer began the quest for the Orb.
     0 | D:1      | erik8world set off with the following items: a +0 dagger,
                  | 10 poisoned darts, a potion of curing, a +0 robe; and the
                  | following spell memorised: Magic Dart; and the following
                  | spells available to memorise: Slow, Blink, Call Imp,
                  | Conjure Flame, Mephitic Cloud
     0 | D:1      | Reached XP level 1. HP: 26/26 MP: 6/6
   278 | D:1      | Reached XP level 2. HP: 32/33 MP: 7/7
  1312 | D:2      | Found an ancient bone altar of Kikubaaqudgha.
  1341 | D:2      | Reached XP level 3. HP: 37/38 MP: 9/9
  1441 | D:2      | Reached skill level 5 in Spellcasting
  1657 | D:2      | Reached skill level 1 in Invocations
  2205 | D:2      | Reached skill level 1 in Short Blades
  2205 | D:2      | Reached skill level 1 in Long Blades
  2205 | D:2      | Reached skill level 1 in Axes
  2205 | D:2      | Reached skill level 1 in Maces & Flails
  2205 | D:2      | Reached skill level 1 in Polearms
  2205 | D:2      | Reached skill level 1 in Staves
  2205 | D:2      | Reached skill level 1 in Slings
  2205 | D:2      | Reached skill level 1 in Bows
  2205 | D:2      | Reached skill level 1 in Crossbows
  2205 | D:2      | Reached skill level 1 in Armour
  2205 | D:2      | Reached skill level 1 in Dodging
  2205 | D:2      | Reached skill level 1 in Shields
  2205 | D:2      | Reached skill level 1 in Unarmed Combat
  2205 | D:2      | Reached skill level 1 in Evocations
  2546 | D:2      | Reached XP level 4. HP: 43/45 MP: 11/11
  3075 | D:3      | Reached skill level 1 in Conjurations
  3075 | D:3      | Reached skill level 1 in Summonings
  3075 | D:3      | Reached skill level 1 in Necromancy
  3075 | D:3      | Reached skill level 1 in Translocations
  3075 | D:3      | Reached skill level 1 in Transmutations
  3075 | D:3      | Reached skill level 1 in Fire Magic
  3075 | D:3      | Reached skill level 1 in Ice Magic
  3075 | D:3      | Reached skill level 1 in Air Magic
  3075 | D:3      | Reached skill level 1 in Earth Magic
  3075 | D:3      | Reached skill level 1 in Poison Magic
  3524 | D:3      | Reached XP level 5. HP: 42/51 MP: 12/12
  4713 | D:4      | Reached XP level 6. HP: 26/57 MP: 13/13
  5264 | D:4      | HP: 2/57 [phantom (2)]
  5265 | D:4      | Slain by a phantom

Illustrated notes

Levels and vault maps discovered:
D:1:      roderic_crossed_star, layout_loops_ring
D:2:      layout_loops_corners, basic_altar
D:3:      layout_rooms, serial_aquarium, aquarium_bridge_square
          [aquarium_subvault_bridge, aquarium_subvault_bridge,
          aquarium_subvault_window, aquarium_subvault_window],
          aquarium_bridge_straight [aquarium_subvault_bridge,
          aquarium_subvault_balcony, aquarium_subvault_bridge,
          aquarium_subvault_wall], aquarium_window_fake,
          aquarium_window_corridor_3, aquarium_window_1, aquarium_window_1,
          aquarium_view_2d, aquarium_view_2c
D:4:      cheibrodos_pilgrimage, layout_loops_ring

Skill      XL: |  1  2  3  4  5 |
---------------+----------------+-----
Hexes          | 2 |  2.6
Spellcasting   | 5 |  5.3
Invocations    | 1 2 |  2.1
Short Blades   | 1 |  1.9
Long Blades    | 1 |  1.9
Axes           | 1 |  1.9
Maces & Flails | 1 |  1.9
Polearms       | 1 |  1.9
Staves         | 1 |  1.9
Slings         | 1 |  1.9
Bows           | 1 |  1.9
Crossbows      | 1 |  1.9
Armour         | 1 |  1.9
Dodging        | 1 |  1.9
Shields        | 1 |  1.9
Unarmed Combat | 1 |  1.9
Evocations     | 1 |  1.9
Conjurations   | 1 |  1.5
Summonings     | 1 |  1.5
Necromancy     | 1 |  1.5
Translocations | 1 |  1.5
Transmutations | 1 |  1.5
Fire Magic     | 1 |  1.5
Ice Magic      | 1 |  1.5
Air Magic      | 1 |  1.5
Earth Magic    | 1 |  1.5
Poison Magic   | 1 |  1.5
Stealth        | 3 |  3.0
Fighting       | |  8.7
Throwing       | |  4.9

Action                   |  1- 3 |  4- 6 || total
-------------------------+-------+-------++-------
Melee: Dagger            |   182 |       ||   182
       Bite              |    20 |    15 ||    35
       Short sword       |    14 |    31 ||    45
       Punch             |     1 |       ||     1
       Flail             |       |   146 ||   146
Throw: Dart              |       |     8 ||     8
 Stab: Sleeping          |     3 |       ||     3
Armor: Robe              |    12 |       ||    12
       Chain mail        |    58 |   132 ||   190
Dodge: Dodged            |    83 |    75 ||   158
